 Dungeon Crawl Stone Soup version 0.29.0-4-gdea44cf6ec (webtiles) character file.

Game seed: 1793313261064805146

7522 RascalDebosk the Shield-Bearer (level 10, -3/100 HPs)
             Began as a Troll Fighter on Aug 27, 2022.
             Was an Initiate of Gozag.
             Slain by a two-headed ogre
             ... wielding a +0 dire flail
              (20 damage)
             ... on level 10 of the Dungeon.
             The game lasted 01:20:43 (7727 turns).

RascalDebosk the Shield-Bearer (Troll Fighter)      Turns: 7727, Time: 01:20:44

Health: -3/100     AC:  9    Str: 26    XL:     10   Next: 95%
Magic:  9/9        EV: 10    Int:  6    God:    Gozag
Gold:   638        SH: 13    Dex: 11    Spells: 9/9 levels left

rFire   . . .      SeeInvis .   f - +5 whip of Nemelex Xobeh's Anger {holy, rElec rCorr}
rCold   . . .      Faith    .   c - +4 kite shield
rNeg    . . .      Spirit   .   b - +0 robe
rPois   .          Reflect  .   (helmet restricted)
rElec   +          Harm     .   d - +0 cloak
rCorr   +          Rampage  .   (gloves unavailable)
Will    .....                   (boots unavailable)
Stlth   +.........              (no amulet)
HPRegen 1.06/turn               m - +4 ring of protection
MPRegen 0.11/turn               (no ring)

@: no status effects
A: large, unfitting armour, claws 3, regeneration 1, shaggy fur 1, tough skin 1
a: Renounce Religion, Potion Petition, Call Merchant, Bribe Branch


You were on level 10 of the Dungeon.
You worshipped Gozag.
Gozag was pleased with you.
You visited 2 branches of the dungeon, and saw 11 of its levels.

You collected 1040 gold pieces.
You spent 319 gold pieces at shops.
You paid 83 gold pieces to Gozag.

Inventory:

Hand Weapons
 a - a +1 flail
 f - the +5 whip of Nemelex Xobeh's Anger (weapon) {holy, rElec rCorr}
   (You found it on level 5 of the Dungeon)

   It has been blessed by the Shining One to cause great damage to the undead
   and demons.
   rElec:     It insulates you from electricity.
   rCorr:     It protects you from acid and corrosion.
 g - a +5 vorpal whip
Missiles
 h - 14 poisoned darts (quivered)
 s - a silver boomerang
 t - 2 throwing nets
 y - 4 large rocks
Armour
 b - a +0 robe (worn)
 c - a +4 kite shield (worn)
 d - a +0 cloak (worn)
Jewellery
 m - a +4 ring of protection (left claw)
 z - a ring of resist corrosion
Wands
 p - a wand of roots (8)
 u - a wand of polymorph (10)
Scrolls
 i - 2 scrolls of magic mapping
 j - 6 scrolls of teleportation
 l - a scroll of identify
 A - a scroll of fear
 B - a scroll of amnesia
Potions
 e - a potion of heal wounds
 k - a potion of attraction
 n - 3 potions of brilliance
 o - 3 potions of haste
 v - 3 potions of cancellation
 w - a potion of lignification
 x - a potion of ambrosia


   Skills:
 + Level 6.8 Fighting
 + Level 7.2 Maces & Flails
 + Level 6.8 Throwing
 + Level 6.8 Dodging
 + Level 7.5 Shields


You had 9 spell levels left.
You didn't know any spells.
Your spell library contained the following spells:

 Spells                   Type           Power      Damage    Failure   Level
 Necrotise                Necr           0%         1d4       71%         1
 Scorch                   Fire           0%         2d5       83%         2
 Inner Flame              Hex/Fire       0%         N/A       97%         3
 Vampiric Draining        Necr           0%         2d6       97%         3
 Cause Fear               Hex            0%         N/A       100%        4
 Flame Wave               Conj/Fire      0%         2d4       100%        4
 Agony                    Necr           0%         N/A       100%        5
 Summon Cactus Giant      Summ           0%         N/A       100%        6
 Discord                  Hex            0%         N/A       100%        8


Dungeon Overview and Level Annotations

Branches:
Dungeon (10/15)            Temple (1/1) D:6            Lair (0/5) D:9
    Orc: D:9-12

Altars:
Ashenzari
Cheibriados
Dithmenos
Elyvilon
Gozag
Hepliaklqana
Kikubaaqudgha
Makhleb
Nemelex Xobeh
Okawaru
Ru
Sif Muna
Trog
Uskayaw
Vehumet
Wu Jian
Xom
Yredelemnul
Zin
The Shining One

Shops:
D:3 !

Annotations:
D:10 Fannar, Nergalle


Innate Abilities, Weirdness & Mutations

You are too large for most types of armour.
You have claws for hands.
Your natural rate of healing is unusually fast.
You are covered in fur. (AC +1)
You have tough skin. (AC +1)


Message History

The two-headed ogre is moderately wounded.
The two-headed ogre barely misses you. You block the two-headed ogre's attack.
You whack the two-headed ogre!
The two-headed ogre is heavily wounded.
The howler monkey is distracted by your dazzling golden aura.
The howler monkey howls!
You hit the two-headed ogre.
The two-headed ogre is heavily wounded.
You block the two-headed ogre's attack. x2
The howler monkey is distracted by your dazzling golden aura.
The howler monkey howls!
You hit the two-headed ogre.
The two-headed ogre is heavily wounded.
The howler monkey is no longer distracted by gold.
You block the two-headed ogre's attack. x2
You barely miss the two-headed ogre.
The two-headed ogre is heavily wounded.
You completely miss the two-headed ogre.
The two-headed ogre is heavily wounded.
You block the two-headed ogre's attack.
The two-headed ogre hits you with a +0 giant spiked club.
* * * LOW HITPOINT WARNING * * *
You hit the two-headed ogre.
The two-headed ogre is heavily wounded.
The howler monkey is no longer distracted by gold.
The howler monkey hoots and howls with incredible vigour!
You whack the two-headed ogre!
The two-headed ogre is severely wounded.
The two-headed ogre hits you with a +0 dire flail.
* * * LOW HITPOINT WARNING * * *
The two-headed ogre hits you with a +0 giant spiked club!
* * * LOW HITPOINT WARNING * * *
You whack the two-headed ogre!
The two-headed ogre is almost dead.
You hit the two-headed ogre.
The two-headed ogre is almost dead.
The two-headed ogre closely misses you.
The two-headed ogre hits you with a +0 giant spiked club!!
You die...
Your body crumbles into a pile of gold.

#.[.......########
#................#
#................#
#..########......##
#..# #........ #..#
#....###' ##.#
#....#... #$#
#....#... #@#
#....'... #O#
#....####


hh# #..... ..(# #..... #.... # #.... # #.... + #..... You could see a two-headed
ogre and 2 howler monkeys.

Vanquished Creatures
  Lodul (D:10)
  A komodo dragon (D:9)
  Prince Ribbit (D:8)
  A shadow (D:9)
  15 yaks
  Eustachio (D:6)
  A wyvern (D:8)
  2 steam dragons
  A warg (D:10)
  2 water moccasins
  A sky beast (D:4)
  3 black bears
  2 orc warriors
  2 ice beasts
  A centaur (D:10)
  7 ogres
  A phantom (D:5)
  A kobold brigand (D:7)
  5 bullfrogs
  2 necrophages
  A scorpion (D:6)
  4 killer bees (D:9)
  7 howler monkeys
  5 hounds
  A gnoll bouda (D:6)
  4 orc priests
  3 jellies
  Jessica (D:3)
  4 iguanas
  9 orc wizards
  5 adders
  7 gnolls
  2 white imps
  An ufetubus (D:5)
  2 worms
  A dart slug (D:1)
  15 orcs
  A ball python (D:3)
  6 endoplasms
  4 giant cockroaches
  9 goblins
  6 hobgoblins
  2 jackals (D:4)
  13 kobolds
  4 quokkas
  5 bats
  4 frilled lizards
  7 rats
184 creatures vanquished.

Vanquished Creatures (others)
  5 plants (D:9)
5 creatures vanquished.

Grand Total: 189 creatures vanquished

Notes
Turn   | Place    | Note
-------+----------+-------------------------------------------
     0 | D:1      | RascalDebosk the Troll Fighter began the quest for the Orb.
     0 | D:1      | Reached XP level 1. HP: 22/22 MP: 0/0
    53 | D:1      | Reached XP level 2. HP: 21/29 MP: 1/1
   536 | D:2      | Reached XP level 3. HP: 36/36 MP: 2/2
   689 | D:2      | Noticed a floating eye
   692 | D:2      | Noticed an eye of devastation
   694 | D:2      | Found a faded altar of an unknown god.
   696 | D:2      | Noticed a shining eye
   696 | D:2      | Noticed an eye of devastation
   721 | D:2      | Reached skill level 1 in Throwing
  1049 | D:2      | Reached XP level 4. HP: 44/44 MP: 3/3
  1298 | D:3      | Noticed Jessica
  1306 | D:3      | Killed Jessica
  1348 | D:3      | Reached XP level 5. HP: 38/53 MP: 4/4
  1533 | D:3      | Found Joquikhe's Distillery.
  1539 | D:3      | Bought a potion of degeneration for 11 gold pieces
  1539 | D:3      | Bought a potion of heal wounds for 55 gold pieces
  2036 | D:4      | Found a sparkling altar of Nemelex Xobeh.
  2036 | D:4      | Found a transporter.
  2036 | D:4      | Noticed a sky beast
  2059 | D:4      | Killed a sky beast
  2060 | D:4      | Reached XP level 6. HP: 43/61 MP: 5/5
  2419 | D:5      | Entered Level 5 of the Dungeon
  2421 | D:5      | Identified the +5 whip of Nemelex Xobeh's Anger {holy,
                  | rElec rCorr}
  2498 | D:5      | Found a shadowy altar of Dithmenos.
  2508 | D:5      | Reached XP level 7. HP: 68/68 MP: 6/6
  2757 | D:5      | Found a sacrificial altar of Ru.
  2785 | D:5      | Found an iron altar of Okawaru.
  2834 | D:5      | Found a broken altar of Ashenzari.
  3127 | D:6      | Found a glowing golden altar of the Shining One.
  3145 | D:6      | Reached XP level 8. HP: 65/78 MP: 7/7
  3202 | D:6      | Found a bloodstained altar of Trog.
  3335 | D:6      | Reached skill level 5 in Shields
  3372 | D:6      | Found a staircase to the Ecumenical Temple.
  3599 | D:6      | Noticed Eustachio
  3637 | D:6      | Killed Eustachio
  3715 | D:6      | Found an ornate altar of the Wu Jian Council.
  3863 | Temple   | Entered the Ecumenical Temple
  3899 | Temple   | Became a worshipper of Gozag Ym Sagoz the Greedy
  4107 | D:7      | Reached skill level 5 in Maces & Flails
  4191 | D:7      | Reached skill level 5 in Fighting
  4191 | D:7      | Reached XP level 9. HP: 77/88 MP: 8/8
  4259 | D:7      | Reached skill level 5 in Dodging
  4620 | D:7      | Found a white marble altar of Elyvilon.
  4910 | D:3      | Bought a potion of lignification for 33 gold pieces
  4910 | D:3      | Bought 2 potions of haste for 220 gold pieces
  5411 | D:8      | Reached skill level 5 in Throwing
  5565 | D:8      | Found a glowing silver altar of Zin.
  5570 | D:8      | Found a burning altar of Makhleb.
  5575 | D:8      | Found a shimmering blue altar of Sif Muna.
  5606 | D:8      | Noticed Prince Ribbit
  5624 | D:8      | Killed Prince Ribbit
  6442 | D:9      | Found a hide-covered altar of Uskayaw.
  6534 | D:9      | Reached XP level 10. HP: 90/98 MP: 9/9
  6849 | D:9      | Found a staircase to the Lair.
  7344 | D:10     | Entered Level 10 of the Dungeon
  7554 | D:10     | Noticed Lodul
  7554 | D:10     | Noticed a two-headed ogre
  7556 | D:10     | Noticed Fannar
  7634 | D:10     | Noticed Nergalle
  7679 | D:10     | Killed Lodul
  7727 | D:10     | Slain by a two-headed ogre

Illustrated notes

Levels and vault maps discovered:
D:1:      dreamdust_arrival_beginning_and_end, layout_basic,
          minmay_split_cup_small
D:2:      layout_loops_ring, hellmonk_ecumenical_altar_watching_god,
          kennysheep_generic_room_16
D:3:      layout_rooms, serial_shops, nicolae_shop_stone, uniq_jessica
D:4:      layout_rooms, grunt_nemelex_the_gamble
D:5:      layout_basic, evilmike_ruin_ashenzari, kennysheep_mini_moat,
          mainiacjoe_overflow_alcove_1, nicolae_ru_path_of_blood,
          kennysheep_cluttered_room, st_stairs_2, uniq_pikel
D:6:      layout_cave_pools, nicolae_wu_jian_immortal_techniques,
          tso_oasis_becter, mainiacjoe_overflow_24_doors,
          minmay_temple_entry_ruins, hangedman_decor_opposing, uniq_eustachio
D:7:      nicolae_cairo_tiling_large, layout_cave_pods,
          mainiacjoe_overflow_concentric_impassable
D:8:      layout_layer_cave, minmay_overflow_temple_star_quad,
          minmay_tree_intersection, uniq_prince_ribbit1
D:9:      layout_roguey, mainiacjoe_overflow_tiny_flanked, david_lair_shrubbed
D:10:     minmay_chambers_of_sixes, layout_irregular_city,
          nicolae_qazlal_style_of_elements, old_standard_altar,
          minmay_orc_entry_guard_dogs, uniq_fannar, uniq_lodul, uniq_nergalle
Temple:   nicolae_temple_little_seven

Skill      XL: |  1  2  3  4  5  6  7  8  9 10 |
---------------+-------------------------------+-----
Maces & Flails | 2 3 4 5 6 7 |  7.2
Shields        | 3 4 5 6 7 |  7.5
Throwing       | 1 2 3 4 5 6 |  6.8
Fighting       | 3 4 5 6 |  6.8
Dodging        | 3 4 5 6 |  6.8

Action                   |  1- 3 |  4- 6 |  7- 9 | 10-12 || total
-------------------------+-------+-------+-------+-------++-------
Melee: Flail             |   128 |   102 |       |       ||   230
       Whip              |       |    23 |   467 |   300 ||   790
Throw: Javelin           |       |     3 |       |     4 ||     7
       Dart              |       |       |    20 |     8 ||    28
Evoke: Wand              |       |       |       |     1 ||     1
  Use: Scroll            |       |    13 |    11 |     3 ||    27
       Potion            |       |     1 |     1 |     6 ||     8
 Stab: Distracted        |       |       |     1 |       ||     1
       Invisible         |       |       |       |     2 ||     2
Armor: Robe              |    45 |    82 |   173 |    48 ||   348
Dodge: Dodged            |    62 |    49 |   162 |    93 ||   366
Block: Kite shield       |    49 |    65 |   312 |   177 ||   603
